 Dungeon Crawl Stone Soup version 0.27.1-2-g3b301248ec (webtiles) character file.

Game seed: 5849914087810745854

10026 DearestLeader the Destroyer (level 9, -7/58 HPs)
             Began as an Octopode Conjurer on Sept 30, 2021.
             Was an Elder of Ru.
             Splashed by an acid dragon's acid (13 damage)
             ... on level 10 of the Dungeon on Oct 4, 2021.
             The game lasted 00:37:28 (14617 turns).

DearestLeader the Destroyer (Octopode Conjurer)    Turns: 14617, Time: 00:37:29

Health: -7/58      AC: -3    Str:  6    XL:     9   Next: 55%
Magic:  12/16      EV: 15    Int: 21    God:    Ru [****..]
Gold:   394        SH:  5    Dex: 14    Spells: 5/18 levels left

rFire    . . .     SeeInvis .   K - +1 dagger (venom)
rCold    . . .     Faith    .   (no shield)
rNeg     . . .     Spirit   .   (helmet restricted)
rPois    .         Reflect  +   I - amulet of reflection
rElec    .         Harm     .   (no ring)
rCorr    .         Rampage  .   (no ring)
Will     .....                  (no ring)
Stlth    +++++.....             (no ring)
HPRegen  0.19/turn              (no ring)
MPRegen  0.15/turn              (no ring)
                                (no ring)
                                (no ring)

@: corroded
A: almost no armour, amphibious, 8 rings, camouflage 1, gelatinous body 1,
inability to use devices, inexperienced 1, (nimble swimmer 1), tentacles
a: Renounce Religion, Draw Out Power, Power Leap


You were on level 10 of the Dungeon.
You worshipped Ru.
Ru was greatly pleased with you.
You visited 2 branches of the dungeon, and saw 11 of its levels.
You also visited: Ossuary.

You collected 394 gold pieces.

Inventory:

Hand Weapons
 u - a +0 hunting sling
 y - a +2 long sword of pain
 K - a +1 dagger of venom (weapon)
 L - a +1 dagger of speed
 N - a +2 dagger of holy wrath
Missiles
 l - 103 poisoned darts (quivered)
 t - 5 curare-tipped darts
 w - 39 sling bullets
Jewellery
 c - an amulet of the acrobat
 G - a ring of fire
 I - an amulet of reflection (around mantle)
Wands
 o - a wand of flame (36)
Scrolls
 e - a scroll of silence {unknown}
 h - 4 scrolls of amnesia
 k - 3 scrolls of noise
 m - 3 scrolls of fear {unknown}
 n - 3 scrolls of teleportation
 p - a scroll of holy word {unknown}
 q - 2 scrolls of summoning
 s - 2 scrolls of fog {unknown}
 x - a scroll of enchant weapon {unknown}
 z - a scroll of blinking {unknown}
 A - a scroll of magic mapping {unknown}
 B - 7 scrolls of identify
 F - a scroll of vulnerability {unknown}
Potions
 a - 4 potions of flight
 b - a potion of cancellation {unknown}
 d - 3 potions of attraction {unknown}
 f - 2 potions of mutation {unknown}
 g - 4 potions of ambrosia
 i - 4 potions of curing
 j - 3 potions of haste {unknown}
 r - a potion of resistance {unknown}
 v - 3 potions of lignification {unknown}
 C - a potion of degeneration {unknown}
 D - 4 potions of heal wounds {unknown}
 E - a potion of magic {unknown}
 H - 3 potions of brilliance {unknown}
 J - a potion of might {unknown}
 M - a potion of invisibility {unknown}


   Skills:
 + Level 4.1 Fighting
 * Level 4.3 Short Blades
 + Level 6.3 Dodging
 + Level 9.9 Stealth
 - Level 5.0 Spellcasting
 + Level 10.4 Conjurations
 - Level 5.0 Hexes
 - Level 5.0 Transmutations
 - Level 6.0 Poison Magic


You had 5 spell levels left.
You knew the following spells:

 Your Spells              Type           Power      Damage    Failure   Level
a - Magic Dart            Conj           100%       1d8       1%          1
b - Searing Ray           Conj           98%        3d7       1%          2
c - Mephitic Cloud        Conj/Pois/Air  28%        N/A       3%          3
d - Fulminant Prism       Conj/Hex       18%        3d11      4%          4
e - Spider Form           Tmut/Pois      14%        N/A       3%          3

Your spell library contained the following spells:

 Spells                   Type           Power      Damage    Failure   Level
 Beastly Appendage        Tmut           52%        N/A       1%          1
 Static Discharge         Conj/Air       27%        N/A       1%          2
 Wereblood                Tmut           26%        N/A       1%          2
 Dazzling Flash           Conj/Hex       74%        N/A       1%          3
 Ignite Poison            Fire/Tmut/Pois 20%        N/A       8%          3
 Iskenderun's Mystic Bla  Conj/Tloc      27%        2d7       13%         4
 Blink                    Tloc           N/A        N/A       16%         2
 Lesser Beckoning         Tloc           2%         N/A       32%         3
 Lightning Bolt           Conj/Air       13%        1d27      34%         5
 Bolt of Magma            Conj/Fire/Erth 9%         4d7       58%         5
 Manifold Assault         Tloc           5%         N/A       96%         5
 Conjure Ball Lightning   Conj/Air       13%        3x3d6     89%         6
 Storm Form               Tmut/Air       7%         N/A       100%        7
 Borgnjor's Revivificati  Necr           2%         N/A       100%        8
 Discord                  Hex            13%        N/A       100%        8
 Disjunction              Tloc           2%         N/A       100%        8
 Maxwell's Capacitive Co  Air            2%         ∞         100%        8
 Necromutation            Tmut/Necr      7%         N/A       100%        8
 Death's Door             Necr           2%         N/A       100%        9


Dungeon Overview and Level Annotations

Branches:
Dungeon (10/15)            Temple (1/1) D:4            Lair (0/6) D:10
Ossuary (visited)
    Orc: D:9-12

Altars:
Ashenzari
Cheibriados
Elyvilon
Fedhas
Hepliaklqana
Kikubaaqudgha
Makhleb
Nemelex Xobeh
Okawaru
Qazlal
Ru
Sif Muna
Trog
Uskayaw
Yredelemnul
Zin

Shops:
D:4 *=

Annotations:
D:9 1 runed translucent door, raetorn's ghost, journeyman DjWz


Innate Abilities, Weirdness & Mutations

You cannot wear most types of armour.
You are amphibious.
You can wear up to eight rings at the same time.
Your skin changes colour to match your surroundings (Stealth+).
Your rubbery body absorbs attacks. (AC +1, EV +1)
You cannot study or use magical devices.
You are somewhat inexperienced. (-2 XL)
((You are camouflaged near water. (Stealth+)))
You have tentacles for arms and can constrict up to eight enemies at once.


Message History

Unknown command.
You are no longer corroded.
You start resting.
HP restored.
There is an open door, spattered with blood here.
Casting: Magic Dart (safe; 1% risk of failure)
Confirm with . or Enter, or press ? or * to list all spells.
You can't see any susceptible monsters within range! (Use Z to cast anyway.)
Casting: Magic Dart (safe; 1% risk of failure)
Confirm with . or Enter, or press ? or * to list all spells.
Aiming: Magic Dart (safe; 1% risk of failure)
Press: ? - help, Shift-Dir - straight line, f/p - acid dragon
Aim: an acid dragon (wandering, hasn't noticed you, 100% to hit)
The magic dart hits the acid dragon but does no damage.
The acid dragon roars!
The acid dragon spits acid at you. The splash of acid hits you!
You are splashed with acid!
Casting: Magic Dart (safe; 1% risk of failure)
Confirm with . or Enter, or press ? or * to list all spells.
Aiming: Searing Ray (safe; 1% risk of failure)
Press: ? - help, Shift-Dir - straight line, f/p - acid dragon
Aim: an acid dragon (83% to hit)
The searing ray misses the acid dragon. (Press . to maintain the ray.)
The acid dragon closely misses you. You block the acid dragon's attack.
Unknown command.
The searing ray hits the acid dragon!
The acid dragon is heavily wounded.
The acid dragon spits acid at you. The splash of acid hits you!
The acid corrodes you!
You are splashed with acid!
* * * LOW HITPOINT WARNING * * *
You hear a bellow!
You hear an angry hiss.
You hear a bellow! x2
Unknown command.
The searing ray hits the acid dragon!
The acid dragon is almost dead.
The acid dragon spits acid at you. The splash of acid hits you!
* * * LOW HITPOINT WARNING * * *
You are splashed with acid!
You die...

..... #.....#
.....####.....######
#........#'####....#
#####....#.........#
....#....#.........#
....#....#####.#####
##..#....#..##.##..######
##..#....#...............
#...'....#......@÷.......
#...#....########D##.####
+...#.......D......#
##..#..............#
###+#..............# .
#>.............# .
+..............#
##..........P...#
#.....##+........


You could see an acid dragon (catching breath).

Vanquished Creatures
  Maggie (D:6)
  A kobold demonologist (D:9)
  Grinder (D:5)
  2 wyverns
  13 yaks
  2 basilisks (D:10)
  2 water moccasins
  Duvessa (D:7)
  An ice beast (D:8)
  2 orc warriors
  A black bear (D:8)
  3 sky beasts
  A necrophage (D:8)
  7 ogres
  5 centaurs
  2 phantoms
  3 elf zombies (D:7)
  18 kobold brigands
  Blork the orc (D:6)
  2 bullfrogs
  A wyvern zombie (D:6)
  9 scorpions
  2 elf skeletons (D:7)
  A water moccasin zombie (D:5)
  Dowan (D:7)
  12 killer bees
  12 wights
  3 howler monkeys (D:9)
  4 centaur zombies
  Crazy Yiuf (D:6)
  A bullfrog zombie (D:6)
  4 hounds
  A jelly (D:5)
  A human zombie (D:7)
  3 orc priests
  A gnoll shaman (D:7)
  3 centaur skeletons
  3 scorpion zombies (Ossuary)
  2 human skeletons (D:7)
  An orc wizard (D:6)
  A howler monkey zombie (D:10)
  3 mummies (Ossuary)
  10 gnolls
  8 adders
  A white imp (D:7)
  An adder skeleton (D:4)
  A worm (D:3)
  2 dart slugs
  18 orcs
  7 bats
  7 endoplasms
  3 giant cockroaches
  9 goblins
  4 hobgoblins
  4 quokkas
  4 ball pythons
  3 frilled lizards
  3 gnoll zombies (Ossuary)
  4 goblin zombies (Ossuary)
  2 hobgoblin zombies (Ossuary)
  22 kobolds
  A kobold zombie (Ossuary)
  An orc skeleton (D:7)
  4 orc zombies
  8 rats
266 creatures vanquished.

Vanquished Creatures (others)
  A troll (D:8)
  An ogre (D:6)
  A kobold (D:8)
  3 fulminant prisms
  5 fungi (D:10)
  22 plants (D:10)
  2 withered plants (D:9)
35 creatures vanquished.

Grand Total: 301 creatures vanquished

Notes
Turn   | Place    | Note
-------+----------+-------------------------------------------
     0 | D:1      | DearestLeader the Octopode Conjurer began the quest for the
                  | Orb.
     0 | D:1      | Reached XP level 1. HP: 11/11 MP: 3/3
   184 | D:1      | Reached XP level 2. HP: 14/17 MP: 0/5
   829 | D:1      | Reached XP level 3. HP: 21/21 MP: 6/6
  1264 | D:2      | Reached skill level 5 in Conjurations
  1267 | D:2      | Learned a level 2 spell: Searing Ray
  1357 | D:2      | Reached XP level 4. HP: 19/27 MP: 7/7
  2431 | D:3      | Found a white marble altar of Elyvilon.
  2450 | D:3      | Reached XP level 5. HP: 23/31 MP: 3/8
  2820 | D:3      | Noticed a sky beast
  2834 | D:3      | Reached skill level 5 in Stealth
  2864 | D:3      | Found a faded altar of an unknown god.
  2884 | D:3      | Killed a sky beast
  2885 | D:3      | Reached skill level 6 in Conjurations
  2885 | D:3      | Reached XP level 6. HP: 29/36 MP: 5/9
  3261 | D:4      | Found Fizxeuti's Jewellery Emporium.
  3426 | D:4      | Reached skill level 7 in Conjurations
  3884 | D:4      | Found a staircase to the Ecumenical Temple.
  3893 | Temple   | Entered the Ecumenical Temple
  3917 | Temple   | Became a worshipper of Ru the Awakened
  4039 | D:4      | Found Tepsearch's General Store.
  4169 | D:4      | Reached XP level 7. HP: 41/41 MP: 4/10
  4493 | D:5      | Entered Level 5 of the Dungeon
  4495 | D:5      | Noticed Grinder
  4911 | D:5      | Reached skill level 8 in Conjurations
  5263 | D:5      | Learned a level 3 spell: Mephitic Cloud
  5268 | D:5      | Learned a level 4 spell: Fulminant Prism
  5336 | D:5      | Reached skill level 1 in Poison Magic
  5336 | D:5      | Reached XP level 8. HP: 38/46 MP: 9/13
  5755 | D:5      | Killed Grinder
  5966 | D:5      | Gained mutation: You cannot study or use magical devices.
                  | [Ru sacrifice]
  5966 | D:5      | Reached * piety under Ru
  5966 | D:5      | Reached ** piety under Ru
  6146 | D:6      | Noticed Maggie
  6164 | D:6      | Killed Maggie
  6165 | D:6      | Reached skill level 9 in Conjurations
  6165 | D:6      | Reached skill level 5 in Poison Magic
  6495 | D:6      | Learned a level 3 spell: Spider Form
  6639 | D:6      | Reached XP level 9. HP: 43/51 MP: 7/16
  6702 | D:6      | Reached skill level 5 in Spellcasting
  6931 | D:6      | Reached skill level 1 in Fighting
  6931 | D:6      | Reached skill level 1 in Transmutations
  7339 | D:6      | Noticed Blork the orc
  7343 | D:6      | Killed Blork the orc
  7637 | D:6      | Found a runed translucent door.
  7638 | D:6      | Noticed Crazy Yiuf
  7842 | D:6      | Killed Crazy Yiuf
  8183 | D:7      | Reached skill level 1 in Hexes
  8345 | D:7      | Noticed Dowan
  8489 | D:7      | Reached skill level 10 in Conjurations
  8489 | D:7      | Reached XP level 10. HP: 57/62 MP: 6/17
  8575 | D:7      | Found a sand-covered staircase.
  8653 | Ossuary  | Entered an ossuary
  9984 | D:7      | Noticed a seven-headed hydra
 10132 | D:7      | Noticed Duvessa
 10458 | D:7      | Identified the +1 scale mail of Absence {Dex+5}
 10520 | D:6      | Gained mutation: You are somewhat inexperienced. (-2 XL)
                  | [Ru sacrifice]
 10520 | D:6      | Reached XP level 9. HP: 48/58 MP: 7/16
 10520 | D:6      | Reached XP level 8. HP: 48/54 MP: 7/15
 10520 | D:6      | Reached *** piety under Ru
 10520 | D:6      | Reached **** piety under Ru
 10597 | D:7      | Killed Duvessa
 10608 | D:7      | Killed Dowan
 11153 | D:8      | Reached skill level 5 in Dodging
 12168 | D:8      | Reached skill level 5 in Transmutations
 12508 | D:9      | Reached skill level 1 in Short Blades
 12508 | D:9      | Reached XP level 9. HP: 58/58 MP: 16/16
 13107 | D:9      | Reached skill level 5 in Hexes
 13597 | D:9      | Found a runed translucent door.
 13598 | D:9      | Noticed raetorn's ghost (journeyman DjWz)
 14190 | D:10     | Entered Level 10 of the Dungeon
 14224 | D:10     | Found a staircase to the Lair.
 14617 | D:10     | Splashed by an acid dragon's acid

Illustrated notes

Levels and vault maps discovered:
D:1:      matt_arrival_los_fun, layout_rooms
D:2:      layout_loops_ring, kennysheep_path_1, roderic_serpentine_path,
          minmay_tetromino_s4
D:3:      layout_rooms, nicolae_elyvilon_peaceful_grove,
          shapermc_ecumenical_altar_flowoftime,
          wander_ebering_terrifying_dragon_lair
D:4:      layout_basic, temple_hall, serial_shops, nicolae_shop_crystal, shop,
          kennysheep_generic_room_14
D:5:      layout_cave_pools, uniq_grinder
D:6:      layout_loops_ring, uniq_maggie, uniq_crazy_yiuf_cottage,
          uniq_blork_the_orc
D:7:      layout_basic, nicolae_ossuary_entry_catacombs, uniq_duvessa
D:8:      layout_loops_ring
D:9:      layout_roguey [special_room_kobold], gammafunk_ghost_grave
D:10:     layout_gridville, minmay_lair_entry_grove
Temple:   grunt_wide_crystal_templ

Skill      XL: |  1  2  3  4  5  6  7  8  9 10 |
---------------+-------------------------------+-----
Stealth        | 3 4 5 9 6 7 |  9.9
Conjurations   | 5 6 7 8 9 10 | 10.4
Spellcasting   | 3 4 5 |  5.0
Poison Magic   | 1 6 |  6.0
Fighting       | 2 4 |  4.1
Transmutations | 5 3 4 |  5.0
Dodging        | 5 6 4 |  6.3
Hexes          | 4 5 3 |  5.0
Short Blades   | 1 4 |  4.3

Action                   |  1- 3 |  4- 6 |  7- 9 | 10-12 || total
-------------------------+-------+-------+-------+-------++-------
Melee: Dagger            |    56 |    76 |   205 |   101 ||   438
       Constrict         |    11 |    16 |    37 |    17 ||    81
       Tentacles         |     9 |     6 |    34 |    27 ||    76
Throw: Dart              |       |       |     3 |       ||     3
 Cast: Magic Dart        |    20 |    12 |    12 |     4 ||    48
       Searing Ray       |     1 |    12 |    89 |    24 ||   126
       Fulminant Prism   |       |       |     2 |     1 ||     3
       Mephitic Cloud    |       |       |     2 |       ||     2
       Spider Form       |       |       |     1 |       ||     1
Invok: Sacrifice Artific |       |       |     1 |       ||     1
       Sacrifice Experie |       |       |     1 |       ||     1
  Use: Scroll            |       |     3 |     5 |     1 ||     9
       Potion            |       |       |     4 |       ||     4
 Stab: Sleeping          |     7 |    12 |    14 |    10 ||    43
       Distracted        |     1 |       |       |     1 ||     2
       Invisible         |       |       |     3 |       ||     3
       Petrified         |       |       |     1 |       ||     1
Armor: Skin              |    11 |     4 |     8 |     8 ||    31
Dodge: Dodged            |    38 |    58 |   247 |   107 ||   450
Block: Other             |       |       |    31 |       ||    31
       Reflection        |       |       |     4 |       ||     4
